 Dungeon Crawl Stone Soup version 0.28.0 (webtiles) character file.

Game seed: 9859654987562616532

1677 vvl the Stinger (level 8, 0/90 HPs)
             Began as a Demonspawn Venom Mage on Feb 8, 2022.
             Was an Initiate of Makhleb.
             Slain by Pikel (6 damage)
             ... on level 6 of the Dungeon.
             The game lasted 00:18:11 (8601 turns).

vvl the Stinger (Demonspawn Venom Mage)             Turns: 8601, Time: 00:18:12

Health: 0/90       AC: 24    Str:  6 (9)  XL:     8   Next: 70%
Magic:  0/14       EV:  2    Int: 16 (18) God:    Makhleb [......]
Gold:   187        SH:  8    Dex: 14 (16) Spells: 7/15 levels left

rFire   + . .      SeeInvis .   D - +0 flail
rCold   . . .      Faith    .   (no shield)
rNeg    . . .      Spirit   +   (armour currently unavailable)
rPois   +          Reflect  .   (helmet currently unavailable)
rElec   .          Harm     .   (cloak currently unavailable)
rCorr   .          Rampage  .   (gloves currently unavailable)
Will    .....      NoTele   +   (boots currently unavailable)
Stlth   +++.......              s - brooch of Shielding {Spirit SH+8}
HPRegen 0.25/turn               k - ring of wizardry
MPRegen 0.14/turn               p - ring of protection from fire

@: mighty, tree-form (expiring), invisible
A: stationary, stasis, torment immunity, boosted hp, (horns 1), thin skeletal
structure 1, demonic guardian 1, powered by death 1
a: Renounce Religion


You were on level 6 of the Dungeon.
You worshipped Makhleb.
Makhleb was noncommittal.
You were a tree.
You visited 2 branches of the dungeon, and saw 7 of its levels.
You also visited: Ossuary.

You collected 187 gold pieces.

Inventory:

Hand Weapons
 l - a +1 dagger of flaming
 D - a +0 flail (weapon)
Armour
 a - a +0 robe (melded)
 c - a +0 cloak (melded)
 A - a +0 pair of boots (melded)
Jewellery
 h - a ring of positive energy
 k - a ring of wizardry (left branch)
 p - a ring of protection from fire (right branch)
 s - the brooch of Shielding (around neck) {Spirit SH+8}
   (You found it on level 4 of the Dungeon)

   [amulet of guardian spirit]

   It causes incoming damage to be divided between your reserves of health and
   magic.
   SH:        It affects your SH (+8).
 w - a ring of protection from fire
 H - a +6 ring of dexterity
Wands
 b - a wand of digging (5)
 G - a wand of mindburst (6)
Scrolls
 d - 2 scrolls of immolation {unknown}
 f - a scroll of magic mapping {unknown}
 i - 2 scrolls of noise {unknown}
 n - a scroll of enchant weapon {unknown}
 o - a scroll of vulnerability {unknown}
 u - 2 scrolls of identify {unknown}
 y - 2 scrolls of holy word {unknown}
 B - 4 scrolls of teleportation {unknown}
 F - a scroll of enchant armour {unknown}
 I - a scroll of blinking {unknown}
Potions
 e - a potion of cancellation {unknown}
 g - 3 potions of curing
 j - a potion of flight
 m - a potion of resistance {unknown}
 q - a potion of degeneration
 r - a potion of brilliance {unknown}
 t - a potion of heal wounds {unknown}
 v - 2 potions of invisibility
 C - a potion of mutation {unknown}
 E - a potion of attraction {unknown}


   Skills:
 + Level 4.1 Fighting
 - Level 2.1 Dodging
 - Level 2.0 Stealth
 + Level 4.4 Spellcasting
 + Level 4.4 Necromancy
 + Level 4.1 Transmutations
 + Level 3.6 Earth Magic
 + Level 5.6 Poison Magic
 + Level 1.2 Invocations


You had 7 spell levels left.
You knew the following spells:

 Your Spells              Type           Power      Damage    Failure   Level
a - Sting                 Tmut/Pois      76%        1d6       1%          1
b - Olgreb's Toxic Radia  Pois           21%        N/A       6%          4
c - Stone Arrow           Conj/Erth      18%        3d8       9%          3

Your spell library contained the following spells:

 Spells                   Type           Power      Damage    Failure   Level
 Poisonous Vapours        Pois/Air       24%        N/A       3%          2
 Mephitic Cloud           Conj/Pois/Air  9%         N/A       9%          3
 Animate Armour           Summ/Erth      18%        N/A       28%         4
 Borgnjor's Vile Clutch   Necr/Erth      8%         N/A       32%         5
 Iron Shot                Conj/Erth      4%         9d2       98%         6


Dungeon Overview and Level Annotations

Branches:
Dungeon (6/15)             Temple (1/1) D:6         Ossuary (visited)

Altars:
Ashenzari
Cheibriados
Dithmenos
Elyvilon
Gozag
Hepliaklqana
Kikubaaqudgha
Makhleb
Nemelex Xobeh
Okawaru
Qazlal
Ru
Sif Muna
Trog
Uskayaw
Vehumet
Wu Jian
Xom
Yredelemnul
Zin
The Shining One

Annotations:
D:6 Pikel


Innate Abilities, Weirdness & Mutations

You are a tree.
Your roots penetrate the ground, keeping you stationary.
You cannot be teleported.
You are immune to unholy pain and torment.
Your maximum health is greatly increased.
Your equipment is partially melded.
((You have a pair of small horns on your head.))
You have a somewhat thin skeletal structure. (Dex +2, Stealth+)
A weak demonic guardian rushes to your aid.
You regenerate a little health from kills.


Message History

The phantom completely misses you.
You closely miss the phantom.
The phantom is severely damaged.
Your shadow imp hits the phantom.
Pikel hits you but does no damage. The phantom hits your shadow imp.
Your shadow imp hits the phantom.
You block Pikel's attack. The phantom hits you.
* * * LOW HITPOINT WARNING * * *
Unknown command.
You strike the helpless phantom from behind!
You sock the phantom!
You destroy the phantom!
Makhleb accepts your kill. Pikel hits you but does no damage.
Your Invocations skill increases to level 1!
You hit Pikel but do no damage.
Pikel is lightly wounded.
You block Pikel's attack.
You catch the helpless Pikel completely off-guard!
You hit Pikel.
Pikel is lightly wounded.
Your shadow imp disappears in a puff of smoke!
Pikel hits you but does no damage.
You closely miss Pikel.
Pikel is lightly wounded.
Pikel hits you but does no damage.
You sock Pikel!
Pikel is moderately wounded.
Your transformation is almost over.
Pikel hits you but does no damage. x2
You catch the helpless Pikel completely off-guard!
You hit Pikel.
Pikel is heavily wounded.
You block Pikel's attack.
You hit Pikel.
Pikel is heavily wounded.
Pikel hits you but does no damage. x2
You hit Pikel.
Pikel is heavily wounded.
Pikel hits you with a +2 whip of freezing!
You die...

#.#.# #. ## #...P≈≈≈≈ K#.#.#
#.#.# #....P≈≈≈ .#.#.#.#
#.## ##...≈≈≈≈≈ #.#.#.#.#
#.#.#####....≈≈≈≈≈
.#.#.#.#.#.#.#....†...W≈≈≈≈≈
#K#.#.#.#.#.#.##.##.....≈≈≈≈
.#.#.#.#.#.# #.##..@..≈≈≈S
#.#.#.#.#.#.# #.#####..≈≈P≈
.#.#.#.....#.###♣# ....≈≈
#.#.#...###...##K# ...≈≈≈
.#.#.#.#####..##5# ..≈.≈
#.#.#...##.##.##5# ..P≈≈
.#.#........#..#5#
#.#...#..>...#.#.#
.#.#.###.......#.#
#.#..###..####...#
.)...##..######..#


You could see Pikel and 3 lemures.

Vanquished Creatures
  Grinder (D:6)
  Eustachio (D:6)
  A black bear (D:5)
  3 ogres
  2 phantoms
  A centaur (D:5)
  2 scorpions (D:4)
  A water moccasin skeleton (D:5)
  A centaur zombie (Ossuary)
  A hound (D:6)
  2 human zombies (Ossuary)
  A bullfrog skeleton (D:5)
  2 centaur skeletons
  4 iguanas
  An orc wizard (D:6)
  A hound zombie (D:5)
  2 mummies (Ossuary)
  2 gnolls (D:5)
  7 adders
  A river rat (D:4)
  An adder zombie (D:5)
  A worm (D:4)
  A dart slug (D:1)
  12 orcs
  4 ball pythons
  5 bats
  4 endoplasms
  5 giant cockroaches
  6 goblins
  7 hobgoblins
  7 jackals
  6 kobolds
  4 quokkas
  2 frilled lizards
  3 goblin zombies (Ossuary)
  9 hobgoblin zombies (Ossuary)
  A jackal zombie (Ossuary)
  6 kobold zombies (Ossuary)
  12 orc zombies (Ossuary)
  A quokka skeleton (D:4)
  7 rats
  3 rat zombies (Ossuary)
144 creatures vanquished.

Vanquished Creatures (collateral kills)
  2 gnolls (D:5)
2 creatures vanquished.

Vanquished Creatures (others)
  13 fungi (D:4)
13 creatures vanquished.

Grand Total: 159 creatures vanquished

Notes
Turn   | Place    | Note
-------+----------+-------------------------------------------
     0 | D:1      | vvl the Demonspawn Venom Mage began the quest for the Orb.
     0 | D:1      | Reached XP level 1. HP: 13/13 MP: 3/3
    90 | D:1      | Reached skill level 1 in Transmutations
   396 | D:1      | Gained mutation: You have a somewhat thin skeletal
                  | structure. (Dex +2, Stealth+) [demonic ancestry]
   396 | D:1      | Reached XP level 2. HP: 15/20 MP: 0/5
  1166 | D:2      | Reached XP level 3. HP: 10/25 MP: 0/6
  1873 | D:2      | Got the Compendium of Earth
  1886 | D:2      | Reached skill level 1 in Fighting
  2478 | D:2      | Reached XP level 4. HP: 32/32 MP: 1/7
  2483 | D:2      | Learned a level 4 spell: Olgreb's Toxic Radiance
  3126 | D:3      | Found a faded altar of an unknown god.
  3256 | D:3      | Reached skill level 1 in Necromancy
  3907 | D:4      | Found the brooch of Shielding {Spirit SH+8}
  4099 | D:4      | Noticed a scorpion
  4103 | D:4      | Killed a scorpion
  4104 | D:4      | Reached skill level 1 in Earth Magic
  4104 | D:4      | Reached skill level 4 in Poison Magic
  4104 | D:4      | Reached XP level 5. HP: 38/38 MP: 4/9
  4680 | D:4      | Gained mutation: A weak demonic guardian rushes to your
                  | aid. [demonic ancestry]
  4680 | D:4      | Reached XP level 6. HP: 18/44 MP: 2/10
  5622 | D:5      | Entered Level 5 of the Dungeon
  5715 | D:5      | HP: 2/46 [gnoll (7)]
  5718 | D:5      | Gained mutation: You have a pair of small horns on your
                  | head. [demonic ancestry]
  5718 | D:5      | Reached XP level 7. HP: 2/51 MP: 1/11
  6039 | D:5      | Found a sand-covered staircase.
  6044 | Ossuary  | Entered an ossuary
  6077 | Ossuary  | Learned a level 3 spell: Stone Arrow
  7290 | D:5      | Reached skill level 5 in Poison Magic
  7374 | D:5      | Gained mutation: You regenerate a little health from kills.
                  | [demonic ancestry]
  7374 | D:5      | Reached XP level 8. HP: 42/58 MP: 2/13
  7892 | D:6      | Noticed Grinder
  7906 | D:6      | Paralysed by Grinder for 3 turns
  7913 | D:6      | Paralysed by Grinder for 4 turns
  7929 | D:6      | Paralysed by Grinder for 3 turns
  7935 | D:6      | Killed Grinder
  8130 | D:6      | Found a staircase to the Ecumenical Temple.
  8150 | D:6      | Noticed Pikel
  8160 | Temple   | Entered the Ecumenical Temple
  8412 | Temple   | Became a worshipper of Makhleb the Destroyer
  8530 | D:6      | Noticed Eustachio
  8579 | D:6      | Killed Eustachio
  8588 | D:6      | HP: 4/90 [phantom (5)]
  8593 | D:6      | HP: 3/90 [phantom (5)]
  8595 | D:6      | Reached skill level 1 in Invocations
  8601 | D:6      | Slain by Pikel

Illustrated notes

Levels and vault maps discovered:
D:1:      arrival_zaba_pyramid, layout_rooms
D:2:      layout_loops_corners, chequers_serial_rivers_room_b
D:3:      layout_basic, shapermc_ecumenical_altar_totnotflames,
          minmay_hedge_maze
D:4:      minmay_skewed_foursquare, layout_basic, serial_aquarium,
          aquarium_bridge_straight [aquarium_subvault_bridge,
          aquarium_subvault_window, aquarium_subvault_bridge,
          aquarium_subvault_wall], aquarium_bridge_long_joined
          [aquarium_subvault_window, aquarium_subvault_wall,
          aquarium_subvault_window, aquarium_subvault_wall,
          aquarium_subvault_bridge, aquarium_subvault_window],
          aquarium_window_double, aquarium_window_fake, aquarium_view_2d,
          aquarium_view_2e, aquarium_balcony_3b, aquarium_pool_side,
          gup_sewer_entry_spiral
D:5:      layout_rooms, enter_ossuary_2
D:6:      layout_basic, minmay_temple_entry_wispy, chequers_big_river,
          st_stairs_13, minivault_4, corexii_leaking_fountain,
          grunt_decor_arrowhead, uniq_pikel, uniq_grinder, uniq_eustachio
Temple:   nicolae_temple_the_god_donut

Skill      XL: |  1  2  3  4  5  6  7  8 |
---------------+-------------------------+-----
Transmutations | 1 2 3 4 |  4.1
Stealth        | 2 |  2.0
Dodging        | 2 |  2.1
Fighting       | 1 2 3 4 |  4.1
Necromancy     | 1 2 3 4 |  4.4
Earth Magic    | 1 2 3 |  3.6
Poison Magic   | 4 5 |  5.6
Spellcasting   | 3 4 |  4.4
Invocations    | 1 |  1.2

Action                   |  1- 3 |  4- 6 |  7- 9 || total
-------------------------+-------+-------+-------++-------
Melee: Short sword       |    38 |       |       ||    38
       Unarmed           |     1 |       |       ||     1
       Dagger            |       |   121 |   247 ||   368
       Punch             |       |     3 |     6 ||     9
       Headbutt          |       |       |    68 ||    68
       Flail             |       |       |    39 ||    39
 Cast: Sting             |    59 |    77 |    75 ||   211
       Olgreb's Toxic Ra |       |     1 |       ||     1
       Stone Arrow       |       |       |     4 ||     4
Evoke: Wand              |       |       |     1 ||     1
  Use: Potion            |       |       |     7 ||     7
 Stab: Sleeping          |     1 |     2 |     9 ||    12
       Invisible         |       |       |     4 ||     4
Armor: Robe              |     8 |    29 |    68 ||   105
       Skin              |       |       |    22 ||    22
Dodge: Dodged            |    38 |   102 |   141 ||   281
Block: Other             |       |    38 |   128 ||   166
